 Dungeon Crawl Stone Soup version 0.19.1-1-g22dce08 (webtiles) character file.

72 shnaps the Shield-Bearer (level 4, 0/44 HPs)
             Began as a Troll Fighter on Dec 30, 2016.
             Slain by a worm (3 damage)
             ... on level 2 of the Dungeon.
             The game lasted 00:08:18 (1524 turns).

shnaps the Shield-Bearer (Troll Fighter)            Turns: 1524, Time: 00:08:19

Health: 0/44       AC:  5    Str: 25    XL:     4   Next: 7%
Magic:  3/3        EV: 14    Int:  4    God:
Gold:   89         SH:  9    Dex: 14    Spells: 0 memorised, 3 levels left

rFire  . . .     SeeInvis .     a - +0 rapier
rCold  . . .     Gourm    +     b - +0 robe
rNeg   . . .     Faith    .     c - +0 shield
rPois  .         Spirit   .     (helmet restricted)
rElec  .         Reflect  .     (no cloak)
rCorr  .         Harm     .     (gloves unavailable)
MR     .....                    (boots unavailable)
Stlth  ++........               (no amulet)
                                (no ring)
                                (no ring)

@: agile, lethally poisoned (0 -> 0)
A: unfitting armour, claws 3, fast metabolism 3, gourmand, regeneration 1,
shaggy fur 1, tough skin 2
a: no special abilities


You were on level 2 of the Dungeon.
You were not hungry.

You visited 1 branch of the dungeon, and saw 2 of its levels.

You collected 89 gold pieces.

Inventory:

Hand Weapons
 a - a +0 rapier (weapon)
 j - a +0 dagger
 l - a +0 short sword
 m - a +0 short sword
 n - a +3 short sword
 o - a +0 dagger
 t - a +0 club
 u - a +0 short sword
 w - a +0 club
 y - a +0 whip
 z - a +0 club
 A - a cursed -1 club
 C - a +0 hunting sling
Missiles
 e - 20 arrows
 k - 93 stones (quivered)
 r - 19 bolts
Armour
 b - a +0 robe (worn)
 c - a +0 shield (worn)
 B - a +0 cloak
Scrolls
 h - a scroll of magic mapping {unknown}
 i - a scroll of recharging {unknown}
 p - a scroll of noise {unknown}
 q - a scroll of immolation {unknown}
 s - a scroll of identify {unknown}
 v - a scroll of fear {unknown}
 x - 2 scrolls of remove curse {unknown}
 F - a scroll of amnesia {unknown}
Potions
 d - a potion of might
 g - a potion of ambrosia {unknown}
 E - 2 potions of curing {unknown}
Comestibles
 f - 3 bread rations
 G - a slice of pizza


   Skills:
 + Level 2.8 Fighting
 + Level 2.3 Short Blades
 + Level 2.7 Dodging
 + Level 3.0 Shields


You had 3 spell levels left.
You didn't know any spells.

Dungeon Overview and Level Annotations

Branches:
Dungeon (2/15)

Altars:


Innate Abilities, Weirdness & Mutations

You are too large for most types of armour.
You have claws for hands.
Your metabolism is lightning-fast.
You like to eat raw meat.
Your natural rate of healing is unusually fast.
You are covered in fur. (AC +1)
You have very tough skin. (AC +2)


Message History

You hit the jackal.
You kill the jackal!
You feel sick. You block the worm's attack.
Things that are here:
a jackal corpse; an adder corpse You puncture the worm!
The worm is heavily wounded.
The worm bites you.
* * * LOW HITPOINT WARNING * * *
You puncture the worm!
The worm is almost dead.
You feel sick. The worm barely misses you.
You hit the worm.
The worm is almost dead.
You hit the worm.
You kill the worm!
You feel sick. The worm bites you.
You die...

.........<.. <......#### ....
####.### .<.... ###.######
...... #....>...# ......
#......#.# #####.#.#..
#......#.# #...(......
#..†††.#.#######..........
#.............†@w.........
####.####.######..†.......
##...#..#....##..†.....#.. .#
#..##..#.##............## ..##
#..#.#....#............#..#..#
#†.#....#.#............#.....#
#..##†#..##....#.........##.#
#....#..#......###.#..###...##
##....####.............#...#..#
.


You could see a worm.

Vanquished Creatures
  2 adders (D:2)
  2 oozes (D:1)
  A worm (D:2)
  A dart slug (D:1)
  A bat (D:1)
  2 giant cockroaches
  4 goblins
  3 hobgoblins
  7 jackals (D:2)
  6 kobolds
  2 ball pythons
  6 frilled lizards
  6 rats
43 creatures vanquished.

Notes
Turn   | Place    | Note
-------+----------+-------------------------------------------
     0 | D:1      | shnaps the Troll Fighter began the quest for the Orb.
     0 | D:1      | Reached XP level 1. HP: 22/22 MP: 0/0
   164 | D:1      | Reached XP level 2. HP: 29/29 MP: 1/1
  1058 | D:1      | Reached XP level 3. HP: 36/36 MP: 2/2
  1512 | D:2      | Reached skill level 3 in Shields
  1516 | D:2      | Reached XP level 4. HP: 6/44 MP: 3/3
  1520 | D:2      | HP: 2/44 [worm (3)]
  1524 | D:2      | Slain by a worm

Skill      XL: |  1  2  3 |
---------------+----------+-----
Short Blades   | 2 |  2.3
Shields        | 3 |  3.0
Fighting       | |  2.8
Dodging        | |  2.7

Action                   |  1- 3 |  4- 6 || total
-------------------------+-------+-------++-------
Melee: Rapier            |   139 |     6 ||   145
  Use: Potion            |     1 |       ||     1
  Eat: Bread ration      |     3 |       ||     3
Armor: Robe              |    46 |       ||    46
Dodge: Dodged            |    58 |     2 ||    60
Block: Shield            |    71 |     1 ||    72
